 Dungeon Crawl Stone Soup version 0.29-a0-721-g7f417c9bbb (webtiles) character file.

Game seed: 9535705339483234944

76 MrPoopyBoutHole the Ruffian (level 3, -1/28 HPs)
             Began as a Demigod Transmuter on June 27, 2022.
             Slain by a goblin
             ... wielding a +0 dagger
              (2 damage)
             ... on level 2 of the Dungeon.
             The game lasted 00:08:00 (2734 turns).

MrPoopyBoutHole the Ruffian (Demigod Transmuter)    Turns: 2734, Time: 00:08:04

Health: -1/28      AC:  2    Str: 15    XL:     3   Next: 89%
Magic:  6/9        EV: 19    Int: 15    God:
Gold:   80         SH:  0    Dex: 19    Spells: 0/6 levels left

rFire   . . .      SeeInvis .     - Unarmed
rCold   . . .      Faith    .   (shield currently unavailable)
rNeg    . . .      Spirit   .   (body armour currently unavailable)
rPois   x          Reflect  .   (helmet currently unavailable)
rElec   .          Harm     .   (cloak currently unavailable)
rCorr   .          Rampage  .   (gloves currently unavailable)
Will    .....                   (boots currently unavailable)
Stlth   ++........              (no amulet)
HPRegen 0.09/turn               (no ring)
MPRegen 0.11/turn               (no ring)

@: spider-form
A: venomous fangs, tiny, high MP 1, forlorn, divine attributes
a: End Transformation


You were on level 2 of the Dungeon.
You were a venomous arachnid creature.
You visited 1 branch of the dungeon, and saw 2 of its levels.

You collected 80 gold pieces.

Inventory:

Hand Weapons
 f - a +0 club
 k - a +0 sling
 q - a +3 dagger
Missiles
 j - 5 boomerangs
 l - 3 stones
Armour
 a - a +0 robe (melded)
 o - a +0 scale mail
Wands
 p - a wand of quicksilver (14)
Scrolls
 d - a scroll of fog {unknown}
 g - 2 scrolls of identify {unknown}
 i - a scroll of poison (quivered) {unknown}
 n - 3 scrolls of vulnerability {unknown}
Potions
 b - 2 potions of lignification
 c - 3 potions of curing {unknown}
 e - 2 potions of heal wounds {unknown}
 h - a potion of berserk rage {unknown}
 m - a potion of ambrosia {unknown}


   Skills:
 + Level 1.0 Fighting
 - Level 0.2 Ranged Weapons
 + Level 2.0 Dodging
 * Level 3.5 Unarmed Combat
 * Level 2.3 Spellcasting
 * Level 2.3 Transmutations


You couldn't memorise any spells.
You knew the following spells:

 Your Spells              Type           Power      Damage    Failure   Level
a - Beastly Appendage     Tmut           16%        N/A       22%         1
b - Wereblood             Tmut           8%         N/A       28%         2
c - Spider Form           Tmut/Pois      5%         N/A       58%         3

Your spell library contained the following spells:

 Spells                   Type           Power      Damage    Failure   Level
 Ice Form                 Ice/Tmut       5%         N/A       91%         4


Dungeon Overview and Level Annotations

Branches:
Dungeon (2/15)


Innate Abilities, Weirdness & Mutations

You are a venomous arachnid creature.
You have poisonous fangs.
You are tiny and dextrous.
Your spellcasting is less reliable in this form.
Your armour is entirely melded.
You are incapable of wielding weapons or throwing items.
You have an increased reservoir of magic. (+10% MP)
You shall have no god before yourself.
Your divine heritage dramatically boosts your attributes as you level up.


Message History

The adder poisons you!
You hit the adder.
The adder is almost dead.
You feel sick. The goblin misses you. The adder bites you.
Unknown command.
You closely miss the adder. Your kick misses the adder.
The adder is almost dead.
You feel sick. The goblin closely misses you. The adder bites you.
You are too injured to fight recklessly!
Okay, then.
Aiming: Quicksilver Bolt
Press: ? - help, Q - select action, (/) - cycle Shift-Dir - straight line You can't see that place.
Okay, then.
The adder attacks as you move away! The adder bites you but does no damage.
You feel sick.
Casting: Beastly Appendage (safe; 9% risk of failure)
Confirm with . or Enter, or press ? or * to list all spells.
The spell is extremely dangerous to miscast (36% risk of failure)!
Continue anyway?
Your horns disappear.
Your talons disappear.
You turn into a venomous arachnid creature.
Your +0 robe melds into your body.
You feel sick. The adder bites you. The goblin hits you with a +0 dagger.
* * * LOW HITPOINT WARNING * * *
The adder bites you.
* * * LOW HITPOINT WARNING * * *
You closely miss the adder.
The adder is almost dead.
You feel sick. The goblin misses you. The adder completely misses you.
You closely miss the adder.
The adder is almost dead.
You feel sick. The adder misses you. The goblin hits you with a +0 dagger.
* * * LOW HITPOINT WARNING * * *
You hit the adder but do no damage.
The adder is almost dead.
* * * LOW HITPOINT WARNING * * *
You feel sick.
You are no longer poisoned.
The adder misses you. The goblin hits you with a +0 dagger.
You die...

#.###.#.###.#.# #.#
#.)#.#.#..# #.#
##..#.###.### #.#
#..##.#....#
#########.#####.........#
..............#..#......#
.##...........##.#......#
.......g......##..###.###
#...bSs.....###.###.#
###########.# #..##.#
#.####.##.# #.......#.#
#.......#.# #.........#
#....†.#..###
#......#.>...
.........######


You could see an adder, a goblin and a bat.

Vanquished Creatures
  3 adders (D:2)
  2 worms (D:2)
  A dart slug (D:2)
  2 bats (D:1)
  An endoplasm (D:1)
  3 giant cockroaches
  7 goblins
  3 hobgoblins (D:2)
  3 kobolds
  2 quokkas
  6 ball pythons
  4 frilled lizards
  3 rats (D:1)
40 creatures vanquished.

Notes
Turn   | Place    | Note
-------+----------+-------------------------------------------
     0 | D:1      | MrPoopyBoutHole the Demigod Transmuter began the quest for
                  | the Orb.
     0 | D:1      | Reached XP level 1. HP: 15/15 MP: 5/5
   148 | D:1      | Reached skill level 3 in Unarmed Combat
   169 | D:1      | Reached skill level 1 in Fighting
   344 | D:1      | Reached XP level 2. HP: 23/23 MP: 5/7
   371 | D:1      | Learned a level 2 spell: Wereblood
  1516 | D:2      | Reached XP level 3. HP: 18/28 MP: 8/8
  1620 | D:2      | Learned a level 3 spell: Spider Form
  2734 | D:2      | HP: 1/28 [poisoned by an adder]
  2734 | D:2      | Slain by a goblin

Illustrated notes

Levels and vault maps discovered:
D:1:      grunt_arrival_crossed_arrows, layout_basic
D:2:      layout_basic, ebering_ecumenical_altar_sacrificial, minmay_tripent

Skill      XL: |  1  2  3 |
---------------+----------+-----
Unarmed Combat | 3 |  3.5
Fighting       | 1 |  1.0
Spellcasting   | 2 |  2.3
Transmutations | 2 |  2.3
Dodging        | 2 |  2.0
Ranged Weapons | |  0.2

Action                   || total
-------------------------++-------
Melee: Unarmed           ||   110
       Headbutt          ||    16
       Kick              ||    20
       Punch             ||     1
 Fire: Sling             ||     9
Throw: Stone             ||     3
 Cast: Beastly Appendage ||    30
       Spider Form       ||     2
       Wereblood         ||     1
Armor: Robe              ||    19
Dodge: Dodged            ||    83

Table legend: (Time is in decaauts)
 A = Elapsed time spent in this place.
 B = Non-inter-level travel time spent in this place.
 C = Inter-level travel time spent in this place.
 D = Time resting spent in this place.
 E = Time spent auto-exploring this place.
 F = Levels seen in this place.
 G = Mean time per level.
                   A        B        C        D        E       F      G
               +--------+--------+--------+--------+--------+-----+--------+
         Total |   2730 |   2585 |    145 |    521 |   1705 |   2 | 1365.0 |
       Dungeon |   2730 |   2585 |    145 |    521 |   1705 |   2 | 1365.0 |
               +--------+--------+--------+--------+--------+-----+--------+

Top non-repeatable levels by time:
     D:1: 1708 daAuts
     D:2: 1022 daAuts
